 Dungeon Crawl Stone Soup version 0.31-a0-988-g08d55da (webtiles) character file.

Game seed: 6444988300345640874

38 ritt the Conjurer (level 3, 0/19 HPs)
             Began as a Deep Elf Conjurer on Nov 5, 2023.
             Slain by an orc wizard
             ... wielding a +0 dagger
              (1 damage)
             ... on level 2 of the Dungeon.
             The game lasted 00:02:50 (1187 turns).

ritt the Conjurer (Deep Elf Conjurer)               Turns: 1187, Time: 00:02:50

Health: 0/19       AC:  2    Str:  4    XL:     3   Next: 25%
Magic:  7/10       EV: 12    Int: 24    God:
Gold:   49         SH:  0    Dex: 13    Spells: 7/10 levels left

rFire   + . .        (no weapon)
rCold   . . .        (no shield)
rNeg    . . .        a - +0 robe
rPois   .            (no helmet)
rElec   .            (no cloak)
rCorr   .            (no gloves)
SInv    .            (no boots)
Will    .....        (no amulet)
Stlth   ++           d - ring of protection from fire
HPRegen 0.23/turn    (no ring)
MPRegen 0.12/turn

%: no passive effects
@: attractive
A: no striking features
a: no special abilities


You were on level 2 of the Dungeon.
You visited 1 branch of the dungeon, and saw 2 of its levels.

You collected 49 gold pieces.

Inventory:

Armour
 a - a +0 robe (worn)
Jewellery
 d - a ring of protection from fire (left hand)
Scrolls
 Q - a scroll of fog
Potions
 J - a potion of magic {!q!d}


   Skills:
 - Level 2.4 Dodging
 - Level 2.4 Stealth
 + Level 4.2 Spellcasting
 + Level 5.0 Conjurations


You had 7 spell levels left.
You knew the following spells:

 Your Spells              Type           Power      Damage    Failure   Level
a - Magic Dart            Conj           100%       1d8       1%          1
d - Searing Ray           Conj           58%        2d6       1%          2

Your spell library contained the following spells:

 Spells                   Type           Power      Damage    Failure   Level
 Dazzling Flash           Conj/Hex       34%        N/A       10%         3
 Fulminant Prism          Conj/Hex       8%         3d7       32%         4
 Iskenderun's Mystic Bla  Conj/Tloc      17%        2d5       32%         4


Dungeon Overview and Level Annotations

Branches:
Dungeon (2/15) Zot: 10809

Altars:


Message History

As you read the scroll labelled ILIKHI WONO, it dissolves into smoke.
It was a scroll of fog.
Q - a scroll of fog The orc wizard hits you with a +0 dagger.
The orc barely misses you. The orc misses you.
You take 1 damage, and have 8/19 hp.
As you read the scroll labelled ZINAR RIMOUTET, it crumbles to dust.
You hear a loud clanging noise!
It was a scroll of noise.
You hear a shout!
The orc wizard mumbles some strange words.
The orc wizard flickers and vanishes!
Deactivating autopickup; reactivate with Ctrl-A.
The orc closely misses you. The orc hits you but does no damage.
Nothing appears to happen.
As you read the scroll labelled JESEAW ORYAKI, it crumbles to dust.
It was a scroll of poison.
Something hits you.
* * * LOW HITPOINT WARNING * * *
The orc barely misses you.
The orc hits you from afar with a +0 trident.
* * * LOW HITPOINT WARNING * * *
You take 7 damage, and have 1/19 hp.
Okay, then.
Okay, then.
Unknown command.
Casting: Magic Dart (safe; 1% risk of failure)
Confirm with . or Enter, or press ? or * to list all spells.
Okay, then.
Casting: Magic Dart (safe; 1% risk of failure)
Confirm with . or Enter, or press ? or * to list all spells.
Aiming: Searing Ray (safe; 1% risk of failure)
Press: ? - help, Shift-Dir - straight line, f - orc
Aim: an orc, wielding a +0 trident and wearing a +0 leather armour (black smoke, 79% to hit)
The searing ray hits the orc.
The orc is heavily wounded.
The searing ray hits the orc.
The orc is severely wounded. (Press . to maintain the ray.)
Something hits you.
You die...

#..#
#..#
#..#
#.§#
#§.#
#..#
#o§##
#o{§#
##@§#
#§§#
#§§#
#..#
#..#
#..#
###..#
#....#
#.##†#


You could see 2 orcs.

Vanquished Creatures
  An adder (D:2)
  A dart slug (D:1)
  3 ball pythons
  2 endoplasms
  2 giant cockroaches (D:1)
  2 goblins (D:1)
  3 hobgoblins
  2 jackals (D:2)
  2 bats
  A frilled lizard (D:1)
  2 kobolds
  5 rats
26 creatures vanquished.

Notes
Turn   | Place    | Note
-------+----------+-------------------------------------------
     0 | D:1      | ritt the Deep Elf Conjurer began the quest for the Orb.
     0 | D:1      | Reached XP level 1. HP: 10/10 MP: 6/6
   196 | D:1      | You fall into a shaft and drop 1 floor!
   215 | D:2      | Reached XP level 2. HP: 15/15 MP: 2/8
   218 | D:2      | Learned a level 2 spell: Searing Ray
   539 | D:1      | Reached skill level 5 in Conjurations
   600 | D:1      | Reached XP level 3. HP: 19/19 MP: 8/10
  1187 | D:2      | Slain by an orc wizard

Illustrated notes

Levels and vault maps discovered:
D:1:      wander_arrival_lonely_grave, layout_loops_ring, st_stairs_7,
          hangedman_abyss_or_decor_stabs, dreamdust_mushroom_princess,
          chequers_serial_rivers_small_b, chequers_jeans
D:2:      layout_loops_ring

Skill      XL: |  1  2 |
---------------+-------+-----
Spellcasting   | 4 |  4.2
Conjurations   | 5 |  5.0
Dodging        | |  2.4
Stealth        | |  2.4

Action                     || total
---------------------------++-------
   Cast: Magic Dart        ||    43
         Searing Ray       ||     3
    Use: Scroll            ||     3
         Potion            ||     2
 Armour: Robe              ||    10
  Dodge: Dodged            ||     7

Table legend: (Time is in decaauts)
 A = Elapsed time spent in this place.
 B = Non-inter-level travel time spent in this place.
 C = Inter-level travel time spent in this place.
 D = Time resting spent in this place.
 E = Time spent auto-exploring this place.
 F = Levels seen in this place.
 G = Mean time per level.
                   A        B        C        D        E       F      G
               +--------+--------+--------+--------+--------+-----+--------+
         Total |   1189 |   1132 |     57 |    266 |    741 |   2 |  594.5 |
       Dungeon |   1189 |   1132 |     57 |    266 |    741 |   2 |  594.5 |
               +--------+--------+--------+--------+--------+-----+--------+

Top non-repeatable levels by time:
     D:1: 823 daAuts
     D:2: 366 daAuts
